MLB
LOS ANGELES DODGERS @ NEW YORK METS
04/28/2099
 
TOP OF THE 1ST
Los Angeles Dodgers batting - Pitching for New York Mets : RHP Tim Tynes
Pitching: RHP Tim Tynes
Batting: RHB Dan Boyd 0-0: Called Strike
0-1: Called Strike
0-2: Ball
1-2: Ball
2-2: SINGLE (Line Drive, 6D, EV 94.4 MPH)
Batting: RHB Bryan Uplinger Pickoff Throw to First - Error! E1
Dan Boyd to second
0-0: Swinging Strike
0-1: Ground out 5-3 (Groundball, 5S, EV 90.6 MPH)
Batting: RHB John Spohn 0-0: Called Strike
0-1: Called Strike
0-2: Ball
1-2: Foul Ball, location: 9LSF
1-2: Foul Ball, location: 2F
1-2: Strikes out swinging
Batting: RHB Victor Salinas 0-0: Ball
1-0: Called Strike
1-1: Foul Ball, location: 5SF
1-2: Strikes out swinging
Top of the 1st over - 0 runs, 1 hit, 1 error, 1 left on base; Los Angeles 0 - New York 0
BOTTOM OF THE 1ST
New York Mets batting - Pitching for Los Angeles Dodgers : LHP Gil Bravo
Pitching: LHP Gil Bravo
Batting: RHB Jose de la Rosa 0-0: Called Strike
0-1: Foul Ball, location: 3F
0-2: Ground out 5-3 (Groundball, 56, EV 102.5 MPH)
Batting: LHB Omar Gomez 0-0: Called Strike
0-1: Fly out, F7 (Flyball, 7S, EV 97.5 MPH)
Batting: RHB Jeff Hestermann 0-0: Foul Ball, location: 3F
0-1: Foul Ball, location: 2F
0-2: Ball
1-2: Foul Ball, location: 3FF
1-2: Fly out, F8 (Flyball, 8RXD, EV 107.5 MPH)
Bottom of the 1st over - 0 runs, 0 hits, 0 errors, 0 left on base; Los Angeles 0 - New York 0
TOP OF THE 2ND
Los Angeles Dodgers batting - Pitching for New York Mets : RHP Tim Tynes
Batting: LHB Greg Thompson 0-0: Ball
1-0: Foul Ball, location: 7LDF
1-1: Ball
2-1: Foul Ball, location: 25FF
2-2: Ball
3-2: Base on Balls
Batting: SHB Mang He 0-0: Foul Ball, location: 25F
0-1: Fly out, F8 (Flyball, 8RXD, EV 88.1 MPH)
Batting: LHB Joel Holden 0-0: Foul Ball, location: 2F
0-1: Ball
1-1: Ball
2-1: SINGLE (Line Drive, 7S, EV 105.0 MPH)
Greg Thompson to second
Batting: RHB Joe Boyer 0-0: Ball
1-0: Foul Ball, location: 5F
1-1: Ball
2-1: Ball
3-1: Hit by Pitch
Greg Thompson to third
Joel Holden to second
Batting: SHB Jason Avsar 0-0: Called Strike
0-1: Fly out, F8 (Flyball, 78D, EV 99.4 MPH)
Runner from 3rd tags up, SCORES, throw by CF
Joel Holden to third
Batting: RHB Dan Boyd 0-0: Ball
1-0: Ball
2-0: Ball
3-0: Called Strike
3-1: Called Strike
3-2: Foul Ball, location: 3F
3-2: Foul Ball, location: 25FF
3-2: Foul Ball, location: 7LMF
3-2: SINGLE (Line Drive, 4M, EV 98.1 MPH)
Joel Holden scores
Joe Boyer to second
Joe Boyer to third
Batting: RHB Bryan Uplinger 0-0: Single, Error in OF, E7, batter to second base (Groundball, 56, EV 96.3 MPH)
Joe Boyer scores
Dan Boyd to third
Batting: RHB John Spohn 0-0: Fly out, F4 (Popup, 34, EV 73.8 MPH)
Top of the 2nd over - 3 runs, 3 hits, 1 error, 2 left on base; Los Angeles 3 - New York 0
BOTTOM OF THE 2ND
New York Mets batting - Pitching for Los Angeles Dodgers : LHP Gil Bravo
Batting: LHB Bill Hayden 0-0: Ball
1-0: Foul Ball, location: 2F
1-1: Swinging Strike
1-2: Ball
2-2: SINGLE (Groundball, 4MD, EV 102.5 MPH)
Batting: RHB Mitsuro Kishi 0-0: Swinging Strike
0-1: Swinging Strike
0-2: Ball
1-2: Ground out 6-3 (Groundball, 6MS, EV 73.1 MPH)
Bill Hayden to second
Batting: LHB Jason Nielsen 0-0: Ball
1-0: Ball
2-0: SINGLE (Groundball, 34D, EV 108.1 MPH)
Bill Hayden to third
Runner from 3rd tries for Home, SAFE, throw by RF to home
Jason Nielsen to second
Batting: RHB Danny Butzlaff 0-0: Ball
1-0: Called Strike
1-1: Fly out, F7 (Flyball, 7D, EV 106.3 MPH)
Batting: RHB Tim Kingsley 0-0: Called Strike
0-1: Ball
1-1: Called Strike
1-2: Ball
2-2: Ball
3-2: SINGLE (Groundball, 6MD, EV 106.3 MPH)
Jason Nielsen to third
Runner from 3rd tries for Home, SAFE, throw by CF to home
Batting: LHB Tyler Brown 0-0: Called Strike
0-1: Ball
1-1: Fly out, F8 (Flyball, 8LD, EV 86.9 MPH)
Bottom of the 2nd over - 2 runs, 3 hits, 0 errors, 1 left on base; Los Angeles 3 - New York 2
TOP OF THE 3RD
Los Angeles Dodgers batting - Pitching for New York Mets : RHP Tim Tynes
Batting: RHB Victor Salinas 0-0: Ball
1-0: Called Strike
1-1: Ball
2-1: Ball
3-1: Ground out 5-3 (Groundball, 56S, EV 79.4 MPH)
Batting: LHB Greg Thompson 0-0: Ball
1-0: Foul Ball, location: 9LSF
1-1: Ball
2-1: Ground out 1-3 (Groundball, 13S, EV 69.4 MPH)
Batting: SHB Mang He 0-0: Ball
1-0: Ball
2-0: Foul Ball, location: 7LMF
2-1: Ball
3-1: Called Strike
3-2: SINGLE (Line Drive, 8RS, EV 103.1 MPH)
Batting: LHB Joel Holden 0-0: Swinging Strike
0-1: Swinging Strike
0-2: Ball
1-2: Strikes out swinging
Top of the 3rd over - 0 runs, 1 hit, 0 errors, 1 left on base; Los Angeles 3 - New York 2
BOTTOM OF THE 3RD
New York Mets batting - Pitching for Los Angeles Dodgers : LHP Gil Bravo
Pitching: RHP Sean McNees
Batting: RHB Jose de la Rosa 0-0: Fly out, F8 (Flyball, 8LD, EV 94.4 MPH)
Batting: LHB Omar Gomez 0-0: Swinging Strike
0-1: DOUBLE (Flyball, 8RXD, EV 103.1 MPH)
Batting: RHB Jeff Hestermann 0-0: Ball
1-0: Swinging Strike
1-1: Ball
2-1: Ball
3-1: Foul Ball, location: 3F
3-2: Strikes out swinging
Batting: LHB Bill Hayden 0-0: Ball
1-0: Foul Ball, location: 7LMF
1-1: Ball
2-1: Swinging Strike
2-2: Strikes out swinging
Bottom of the 3rd over - 0 runs, 1 hit, 0 errors, 1 left on base; Los Angeles 3 - New York 2
TOP OF THE 4TH
Los Angeles Dodgers batting - Pitching for New York Mets : RHP Tim Tynes
Batting: RHB Joe Boyer 0-0: Ball
1-0: Ball
2-0: Swinging Strike
2-1: Ball
3-1: Base on Balls
Batting: SHB Jason Avsar 0-0: Ball
1-0: Ball
2-0: Ball
3-0: Base on Balls
Joe Boyer to second
Batting: RHB Dan Boyd 0-0: Called Strike
0-1: Ball
1-1: Grounds into double play, 4-6-3 (Groundball, 4S, EV 85.0 MPH)
Joe Boyer to third
Batting: RHB Bryan Uplinger 0-0: Foul Ball, location: 9LMF
0-1: Ball
1-1: Ball
2-1: TRIPLE (Line Drive, 89XD, EV 103.8 MPH)
Joe Boyer scores
Batting: RHB John Spohn 0-0: Ball
1-0: Ball
2-0: Ball
3-0: Called Strike
3-1: Foul Ball, location: 2F
3-2: Foul Ball, location: 2F
3-2: DOUBLE (Line Drive, 9LM, EV 100.0 MPH)
Bryan Uplinger scores
Pitching: RHP Bryan Jessee
Batting: RHB Victor Salinas 0-0: Called Strike
0-1: Foul Ball, location: 9LMF
0-2: Ball
1-2: Strikes out swinging
Top of the 4th over - 2 runs, 2 hits, 0 errors, 1 left on base; Los Angeles 5 - New York 2
BOTTOM OF THE 4TH
New York Mets batting - Pitching for Los Angeles Dodgers : RHP Sean McNees
Batting: RHB Mitsuro Kishi 0-0: Foul Ball, location: 5SF
0-1: Ball
1-1: Called Strike
1-2: Strikes out looking
Batting: LHB Jason Nielsen 0-0: Ball
1-0: Ball
2-0: Called Strike
2-1: Ball
3-1: Swinging Strike
3-2: Foul Ball, location: 7LSF
3-2: Strikes out swinging
Batting: RHB Danny Butzlaff 0-0: Called Strike
0-1: Ball
1-1: Called Strike
1-2: Ball
2-2: Foul Ball, location: 25F
2-2: Fly out, F8 (Flyball, 8RM, EV 88.1 MPH)
Bottom of the 4th over - 0 runs, 0 hits, 0 errors, 0 left on base; Los Angeles 5 - New York 2
TOP OF THE 5TH
Los Angeles Dodgers batting - Pitching for New York Mets : RHP Bryan Jessee
Batting: LHB Greg Thompson 0-0: Called Strike
0-1: Ball
1-1: Swinging Strike
1-2: Strikes out swinging
Batting: SHB Mang He 0-0: Foul Ball, location: 3F
0-1: Ball
1-1: Ball
2-1: Foul Ball, location: 7LDF
2-2: Ball
3-2: DOUBLE (Line Drive, 7LM, EV 110.0 MPH)
Batting: LHB Joel Holden 0-0: Ball
1-0: Foul Ball, location: 25F
1-1: Ball
2-1: 2-RUN HOME RUN (Line Drive, 9LD, EV 97.5 MPH), Distance : 358 ft
Batting: RHB Joe Boyer 0-0: Called Strike
0-1: Ball
1-1: Ball
2-1: Called Strike
2-2: Ball
3-2: Foul Ball, location: 2F
3-2: Strikes out looking
Batting: SHB Jason Avsar 0-0: Called Strike
0-1: Ball
1-1: Foul Ball, location: 3F
1-2: Strikes out swinging
Top of the 5th over - 2 runs, 2 hits, 0 errors, 0 left on base; Los Angeles 7 - New York 2
BOTTOM OF THE 5TH
New York Mets batting - Pitching for Los Angeles Dodgers : RHP Sean McNees
Batting: RHB Tim Kingsley 0-0: Called Strike
0-1: Swinging Strike
0-2: Ball
1-2: Strikes out looking
Pitching: RHP J.P. Vines
Batting: LHB Tyler Brown 0-0: SINGLE (Groundball, 6MD, EV 98.1 MPH)
Batting: RHB Jose de la Rosa 0-0: Ball
1-0: Swinging Strike
1-1: Ball
Tyler Brown steals 2nd base
2-1: SINGLE (Groundball, 34, EV 88.8 MPH)
Tyler Brown to third
Batting: LHB Omar Gomez 0-0: Ball
1-0: Ball
2-0: SINGLE (Groundball, 6MD, EV 109.4 MPH)
Tyler Brown scores
Jose de la Rosa to second
Runner from 2nd tries for 3rd, SAFE, no throw by CF
Batting: RHB Jeff Hestermann 0-0: Called Strike
0-1: Foul Ball, location: 3F
0-2: Strikes out swinging
Pitching: LHP Jose Amaro
Pinch Hitting: RHB Jimmy Moore 0-0: Ball
1-0: Ball
2-0: Ball
3-0: SINGLE (Flyball, 4MD, EV 85.0 MPH)
Jose de la Rosa scores
Omar Gomez to second
Runner from 2nd tries for 3rd, SAFE, no throw by CF
Batting: RHB Mitsuro Kishi 0-0: Called Strike
0-1: Foul Ball, location: 2F
0-2: Ball
1-2: Strikes out looking
Bottom of the 5th over - 2 runs, 4 hits, 0 errors, 2 left on base; Los Angeles 7 - New York 4
TOP OF THE 6TH
Los Angeles Dodgers batting - Pitching for New York Mets : RHP Bryan Jessee
Now in LF: Jimmy Moore
Now in RF: Tyler Brown
Batting: RHB Dan Boyd 0-0: Ball
1-0: Foul Ball, location: 2F
1-1: Ball
2-1: Ground out 5-3 (Groundball, 56S, EV 87.5 MPH)
Batting: RHB Bryan Uplinger 0-0: Ball
1-0: Ball
2-0: Ball
3-0: Called Strike
3-1: Fly out, F9 (Flyball, 9LM, EV 95.6 MPH)
Batting: RHB John Spohn 0-0: Ball
1-0: Foul Ball, location: 2F
1-1: Ground out 5-3 (Groundball, 56S, EV 76.3 MPH)
Top of the 6th over - 0 runs, 0 hits, 0 errors, 0 left on base; Los Angeles 7 - New York 4
BOTTOM OF THE 6TH
New York Mets batting - Pitching for Los Angeles Dodgers : LHP Jose Amaro
Batting: LHB Jason Nielsen 0-0: Foul Ball, location: 2RF
0-1: Ball
1-1: Swinging Strike
1-2: Ball
2-2: Ball
3-2: Foul Ball, location: 7LMF
3-2: Ground out 4-3 (Groundball, 4, EV 86.9 MPH)
Batting: RHB Danny Butzlaff 0-0: Ground out 6-3 (Groundball, 6, EV 103.1 MPH)
Batting: RHB Tim Kingsley 0-0: Foul Ball, location: 5FF
0-1: Ball
1-1: Swinging Strike
1-2: Strikes out swinging
Bottom of the 6th over - 0 runs, 0 hits, 0 errors, 0 left on base; Los Angeles 7 - New York 4
TOP OF THE 7TH
Los Angeles Dodgers batting - Pitching for New York Mets : RHP Bryan Jessee
Batting: RHB Victor Salinas 0-0: Called Strike
0-1: Swinging Strike
0-2: Strikes out swinging
Batting: LHB Greg Thompson 0-0: Ball
1-0: Ball
2-0: SINGLE (Flyball, 78S, EV 95.6 MPH)
Batting: SHB Mang He 0-0: Foul Ball, location: 2F
0-1: Ball
1-1: Foul Ball, location: 2RF
1-2: Foul Ball, location: 2F
1-2: Ball
2-2: Grounds into double play, 3-6-1 (Groundball, 3, EV 79.4 MPH)
Top of the 7th over - 0 runs, 1 hit, 0 errors, 0 left on base; Los Angeles 7 - New York 4
BOTTOM OF THE 7TH
New York Mets batting - Pitching for Los Angeles Dodgers : LHP Jose Amaro
Pitching: RHP Bob McDonald
Now at 3B: Luis Lozada
Now in CF: Freddie Mitchell
Batting: LHB Tyler Brown 0-0: Called Strike
0-1: Ball
1-1: Called Strike
1-2: Strikes out swinging
Batting: RHB Jose de la Rosa 0-0: SOLO HOME RUN (Flyball, 9LD, EV 96.9 MPH), Distance : 353 ft
Batting: LHB Omar Gomez 0-0: Fly out, F7 (Flyball, 7, EV 95.6 MPH)
Batting: RHB Jeff Hestermann 0-0: Called Strike
0-1: Foul Ball, location: 2F
0-2: Ball
1-2: Fly out, F9 (Flyball, 9, EV 93.1 MPH)
Bottom of the 7th over - 1 run, 1 hit, 0 errors, 0 left on base; Los Angeles 7 - New York 5
TOP OF THE 8TH
Los Angeles Dodgers batting - Pitching for New York Mets : RHP Bryan Jessee
Pitching: RHP Ollie Hardy
Batting: LHB Joel Holden 0-0: Called Strike
0-1: Called Strike
0-2: Ball
1-2: Ball
2-2: Strikes out swinging
Batting: RHB Joe Boyer 0-0: Called Strike
0-1: Foul Ball, location: 9LMF
0-2: Foul Ball, location: 3F
0-2: Ball
1-2: Ball
2-2: Ball
3-2: Foul Ball, location: 25F
3-2: Single, Error in OF, E7, batter to second base (Groundball, 6D, EV 107.5 MPH)
Batting: SHB Jason Avsar 0-0: Ball
1-0: Foul Ball, location: 2F
1-1: Fly out, F7 (Flyball, 78M, EV 84.4 MPH)
Batting: RHB Dan Boyd 0-0: Fly out, F7 (Flyball, 7LS, EV 81.9 MPH)
Top of the 8th over - 0 runs, 1 hit, 1 error, 1 left on base; Los Angeles 7 - New York 5
BOTTOM OF THE 8TH
New York Mets batting - Pitching for Los Angeles Dodgers : RHP Bob McDonald
Now at C: Ron Ascencio
Batting: RHB Jimmy Moore 0-0: Ball
1-0: Ball
2-0: Foul Ball, location: 2F
2-1: Foul Ball, location: 5F
2-2: Fly out, F8 (Flyball, 89M, EV 95.0 MPH)
Pinch Hitting: SHB Marc Sakkal 0-0: Ball
1-0: Swinging Strike
1-1: Foul Ball, location: 2F
1-2: Strikes out swinging
Batting: LHB Jason Nielsen 0-0: Ball
1-0: Called Strike
1-1: Foul Ball, location: 23F
1-2: Foul Ball, location: 2F
1-2: Strikes out looking
Bottom of the 8th over - 0 runs, 0 hits, 0 errors, 0 left on base; Los Angeles 7 - New York 5
TOP OF THE 9TH
Los Angeles Dodgers batting - Pitching for New York Mets : RHP Ollie Hardy
Now at 3B: Chao Siew
Batting: RHB Luis Lozada 0-0: Called Strike
0-1: Ball
1-1: Fly out, F7 (Line Drive, 7S, EV 111.3 MPH)
Batting: RHB John Spohn 0-0: Called Strike
0-1: Hit by Pitch
Batting: RHB Victor Salinas 0-0: Called Strike
John Spohn steals 2nd base (no throw)
0-1: SINGLE (Groundball, 34D, EV 95.6 MPH)
John Spohn to third
Runner from 3rd tries for Home, SAFE, throw by RF to home
Victor Salinas to second
Batting: LHB Greg Thompson 0-0: Intentional Walk
Batting: SHB Freddie Mitchell 0-0: Ball
1-0: Ball
2-0: Foul Ball, location: 7LDF
2-1: Foul Ball, location: 2F
2-2: Ball
3-2: Strikes out swinging
Pitching: RHP Rich Leake
Batting: LHB Joel Holden 0-0: Ball
1-0: Fly out, F8 (Flyball, 8RD, EV 102.5 MPH)
Top of the 9th over - 1 run, 1 hit, 0 errors, 2 left on base; Los Angeles 8 - New York 5
BOTTOM OF THE 9TH
New York Mets batting - Pitching for Los Angeles Dodgers : RHP Bob McDonald
Pitching: RHP Dennis Emmons
Batting: RHB Danny Butzlaff 0-0: Called Strike
0-1: Foul Ball, location: 3FF
0-2: Ball
1-2: Ground out 5-3 (Groundball, 56S, EV 86.3 MPH)
Batting: RHB Tim Kingsley 0-0: Called Strike
0-1: Fly out, F6 (Line Drive, 6, EV 73.1 MPH)
Batting: LHB Tyler Brown 0-0: Fly out, F8 (Line Drive, 78M, EV 107.5 MPH)
Bottom of the 9th over - 0 runs, 0 hits, 0 errors, 0 left on base; Los Angeles 8 - New York 5
Saturday, May 4th , 2024 - OOTP Baseball 24.11 Build 85